 Dungeon Crawl Stone Soup version 0.28-a0-938-gbc3f381ebc (webtiles) character file.

Game seed: 18045260984835703931

1356 derath95 the Geomancer (level 8, 0/41 HPs)
             Began as a Gargoyle Earth Elementalist on May 14, 2021.
             Slain by a killer bee (4 damage)
             ... on level 6 of the Dungeon on Nov 29, 2021.
             The game lasted 00:36:24 (6308 turns).

derath95 the Geomancer (GrEE)                       Turns: 6308, Time: 00:36:25

Health: 0/41       AC:  9    Str: 18    XL:     8   Next: 64%
Magic:  3/18       EV: 12    Int: 18    God:
Gold:   252        SH:  0    Dex: 10    Spells: 6/20 levels left

rFire   . . .      SeeInvis .   f - +0 falchion
rCold   . . .      Faith    .   (no shield)
rNeg    + . .      Spirit   .   c - +0 robe
rPois   ∞          Reflect  .   (no helmet)
rElec   +          Harm     .   (no cloak)
rCorr   +          Rampage  .   (no gloves)
Will    .....                   g - +1 pair of boots
Stlth   ++........              (no amulet)
HPRegen 0.13/turn               j - +6 ring of strength
MPRegen 0.16/turn               s - ring of resist corrosion

@: very slightly contaminated
A: sickness immunity, AC +5, negative energy resistance 1, electricity
resistance, torment resistance 1, petrification resistance
a: no special abilities


You were on level 6 of the Dungeon.
You visited 1 branch of the dungeon, and saw 6 of its levels.
You also visited: Sewer.

You collected 252 gold pieces.

Inventory:

Hand Weapons
 f - a +0 falchion (weapon)
 h - a +4 mace of protection
 r - a +2 flail of holy wrath
Missiles
 b - 17 stones
 q - 2 throwing nets
Armour
 c - a +0 robe (worn)
 g - a +1 pair of boots (worn)
Magical Staves
 t - a staff of poison
Jewellery
 i - a +6 ring of strength
 j - a +6 ring of strength (left hand)
 s - a ring of resist corrosion (right hand)
Scrolls
 m - 2 scrolls of identify
 n - a scroll of fear
 o - 3 scrolls of teleportation
Potions
 a - a potion of attraction
 d - a potion of degeneration
 e - a potion of might {unknown}
 k - a potion of flight
 l - a potion of haste {unknown}
 p - a potion of heal wounds {unknown}


   Skills:
 - Level 0.1 Fighting
 - Level 0.1 Long Blades
 - Level 2.1 Dodging
 - Level 2.4 Stealth
 - Level 0.3 Unarmed Combat
 + Level 6.8 Spellcasting
 - Level 0.7 Transmutations
 + Level 9.1 Earth Magic


You had 6 spell levels left.
You knew the following spells:

 Your Spells              Type           Power      Damage    Failure   Level
a - Sandblast             Erth           78%        2d17      1%          1
b - Magic Dart            Conj           24%        1d4       11%         1
c - Blink                 Tloc           12%        N/A       17%         2
d - Stone Arrow           Conj/Erth      44%        3d9       4%          3
e - Passwall              Tmut/Erth      19%        N/A       2%          2
f - Lee's Rapid Deconstr  Erth           19%        3d12*     7%          5

Your spell library contained the following spells:

 Spells                   Type           Power      Damage    Failure   Level
 Slow                     Hex            24%        N/A       11%         1
 Petrify                  Tmut/Erth      23%        N/A       14%         4
 Call Imp                 Summ           6%         N/A       17%         2
 Conjure Flame            Conj/Fire      6%         6-21      32%         3
 Mephitic Cloud           Conj/Pois/Air  6%         N/A       32%         3
 Sticky Flame             Conj/Fire      6%         2d3       73%         4
 Starburst                Conj/Fire      3%         6d3       100%        6
 Disjunction              Tloc           3%         N/A       100%        8


Dungeon Overview and Level Annotations

Branches:
Dungeon (6/15)              Sewer (visited)
 Temple: D:4-7

Altars:
Ru

Shops:
D:1 [   D:2 *   D:6 *

Annotations:
D:6 Blork the orc


Innate Abilities, Weirdness & Mutations

You are immune to sickness and miasma.
Your stone body is resilient. (AC +5)
You are immune to poison.
You resist negative energy. (rN+)
You are resistant to electric shocks. (rElec)
You are resistant to unholy torment.
You are immune to petrification.


Message History

Blork the orc hits you from afar with a +0 halberd.
The killer bee closely misses you.
A shadow imp comes into view.
Blork the orc hits you from afar with a +0 halberd!
* * * LOW HITPOINT WARNING * * *
The killer bee stings you but does no damage.
Casting: Sandblast (safe; 1% risk of failure)
Confirm with . or Enter, or press ? or * to list all spells.
Aiming: Sandblast (safe; 1% risk of failure)
Press: ? - help, Shift-Dir - straight line, f/p - Blork the orc
Aim: Blork the orc, wielding a +0 halberd and wearing a +0 robe (fast, 84% to hit)
The blast of sand hits the killer bee!!
You kill the killer bee!
The killer bee stings you but does no damage.
Blork the orc hits you from afar with a +0 halberd.
* * * LOW HITPOINT WARNING * * *
The killer bee barely misses you.
An orc comes into view. It is wielding a +0 club.
The killer bee completely misses you.
Your Earth Magic skill increases to level 9!
Casting: Sandblast (safe; 1% risk of failure)
Confirm with . or Enter, or press ? or * to list all spells.
Aiming: Sandblast (safe; 1% risk of failure)
Press: ? - help, Shift-Dir - straight line, f/p - Blork the orc
Aim: Blork the orc, wielding a +0 halberd and wearing a +0 robe (fast, 84% to hit)
The blast of sand hits the killer bee!
You kill the killer bee!
Blork the orc barely misses you. The killer bee barely misses you.
Blork the orc hits you from afar with a +0 halberd.
* * * LOW HITPOINT WARNING * * *
The killer bee closely misses you.
Casting: Sandblast (safe; 1% risk of failure)
Confirm with . or Enter, or press ? or * to list all spells.
Aiming: Sandblast (safe; 1% risk of failure)
Press: ? - help, Shift-Dir - straight line, f/p - Blork the orc
Aim: Blork the orc, wielding a +0 halberd and wearing a +0 robe (fast, 84% to hit)
The blast of sand hits Blork the orc!
Blork the orc is heavily wounded.
The killer bee stings you.
You die...

#####.......#.....
##.#.............#
#..>.......[##o..#
#......†.....#...#
#.<....##........#
#####.........5..####
##.....o......o..
####.y†##.#..#..
#.@....# # #....###
##...# #####


You could see Blork the orc (fast), a killer bee, a shadow imp and an orc.

Vanquished Creatures
  A necrophage (D:4)
  3 ogres
  2 bullfrogs (Sewer)
  A gnoll sergeant (D:5)
  2 scorpions
  4 killer bees (D:6)
  3 hounds
  A centaur skeleton (D:5)
  3 iguanas
  A scorpion zombie (D:5)
  A hound zombie (D:5)
  8 gnolls
  11 adders
  A river rat (D:5)
  An adder skeleton (D:3)
  2 worms
  3 dart slugs
  19 endoplasms
  9 giant cockroaches
  6 goblins
  2 hobgoblins
  4 jackals (D:1)
  7 kobolds
  8 quokkas
  14 ball pythons
  2 bats
  15 frilled lizards
  6 rats
140 creatures vanquished.

Vanquished Creatures (others)
  3 plants (D:4)
3 creatures vanquished.

Grand Total: 143 creatures vanquished

Notes
Turn   | Place    | Note
-------+----------+-------------------------------------------
     0 | D:1      | derath95 the Gargoyle Earth Elementalist began the quest
                  | for the Orb.
     0 | D:1      | Reached XP level 1. HP: 10/10 MP: 3/3
   123 | D:1      | Reached XP level 2. HP: 11/15 MP: 1/5
   562 | D:1      | Found Poreog's Antique Armour Shoppe.
   577 | D:1      | Learned a level 1 spell: Magic Dart
   580 | D:1      | Learned a level 2 spell: Blink
   893 | D:1      | Reached skill level 4 in Earth Magic
  1148 | D:2      | Reached XP level 3. HP: 11/19 MP: 7/7
  1794 | D:2      | Found Ituezxit's General Store.
  1849 | D:2      | Reached XP level 4. HP: 24/24 MP: 4/8
  1928 | D:2      | Identified the Papyrus of Flamy Displacement
  2941 | D:3      | Reached XP level 5. HP: 28/28 MP: 8/10
  3060 | D:3      | Found a sacrificial altar of Ru.
  3200 | D:4      | Reached skill level 5 in Earth Magic
  3710 | D:4      | Noticed a necrophage
  3714 | D:4      | Killed a necrophage
  3715 | D:4      | Reached XP level 6. HP: 32/32 MP: 8/12
  3763 | D:4      | Reached skill level 6 in Earth Magic
  4012 | D:4      | Reached XP level 7. HP: 35/36 MP: 6/14
  4513 | D:5      | Entered Level 5 of the Dungeon
  4611 | D:5      | Found a glowing drain.
  4623 | D:5      | Reached skill level 5 in Spellcasting
  4633 | Sewer    | Entered a sewer
  4883 | Sewer    | Reached skill level 7 in Earth Magic
  5222 | D:5      | Learned a level 3 spell: Stone Arrow
  5225 | D:5      | Learned a level 2 spell: Passwall
  5231 | D:5      | Learned a level 5 spell: Lee's Rapid Deconstruction
  5619 | D:5      | Reached XP level 8. HP: 28/41 MP: 16/16
  5766 | D:5      | Reached skill level 8 in Earth Magic
  6212 | D:5      | Upgraded the game from 0.27-a0-1154-gfdeffcb720 to
                  | 0.28-a0-938-gbc3f381ebc
  6255 | D:6      | Found Jikuas's Assorted Antiques.
  6295 | D:6      | Noticed Blork the orc
  6307 | D:6      | Reached skill level 9 in Earth Magic
  6308 | D:6      | Slain by a killer bee

Illustrated notes

Levels and vault maps discovered:
D:1:      beargit_arrival_diablo_church, layout_basic, serial_shops, shop
D:2:      layout_basic, serial_shops, shop
D:3:      layout_loops_corners, lemuel_crystal_altar, corexii_hall_statues_x
D:4:      cheibrodos_old_hovel, layout_cave_pools
D:5:      layout_loops_corners, cheibrodos_sewer_entry_sluice
D:6:      layout_cave_pools, nicolae_uskayaw_suspiria,
          grunt_temple_overflow_open, serial_shops, nicolae_stop_n_shop_2,
          uniq_blork_the_orc

Skill      XL: |  1  2  3  4  5  6  7  8 |
---------------+-------------------------+-----
Earth Magic    | 4 5 6 7 9 |  9.1
Dodging        | 2 |  2.1
Spellcasting   | 3 4 5 6 |  6.8
Fighting       | |  0.1
Long Blades    | |  0.1
Stealth        | |  2.4
Unarmed Combat | |  0.3
Transmutations | |  0.7

Action                   |  1- 3 |  4- 6 |  7- 9 || total
-------------------------+-------+-------+-------++-------
Melee: Unarmed           |    35 |       |       ||    35
       Falchion          |    11 |    25 |    47 ||    83
 Cast: Sandblast         |    43 |    48 |   104 ||   195
       Magic Dart        |       |     3 |     8 ||    11
       Stone Arrow       |       |       |     1 ||     1
  Use: Scroll            |       |       |     7 ||     7
       Potion            |       |       |     4 ||     4
Armor: Robe              |    19 |    16 |    47 ||    82
Dodge: Dodged            |    40 |    20 |    58 ||   118
       Rpst.: Falchion   |     4 |     7 |    14 ||    25

Table legend: (Time is in decaauts)
 A = Elapsed time spent in this place.
 B = Non-inter-level travel time spent in this place.
 C = Inter-level travel time spent in this place.
 D = Time resting spent in this place.
 E = Time spent auto-exploring this place.
 F = Levels seen in this place.
 G = Mean time per level.
                   A        B        C        D        E       F      G
               +--------+--------+--------+--------+--------+-----+--------+
         Total |   6398 |   6392 |      6 |    335 |   4437 |   7 |  914.0 |
       Dungeon |   5911 |   5905 |      6 |    335 |   4252 |   6 |  985.2 |
         Sewer |    487 |    487 |      0 |      0 |    185 |   1 |  487.0 |
               +--------+--------+--------+--------+--------+-----+--------+

Top non-repeatable levels by time:
     D:4: 1335 daAuts
     D:5: 1331 daAuts
     D:2: 1150 daAuts
     D:1: 1113 daAuts
     D:3: 926 daAuts
   Sewer: 487 daAuts
     D:6: 52 daAuts
